Map: Simulacrum LE

Players

Nitix

  • Race: Zerg Zerg
  • League: Master
  • Spawn Location: 11:00

A.I. 1 (Very Easy) - Winner!

  • Race: Terran Terran
  • Spawn Location: 5:00

VOD

Have the link to the VOD?

Description

Time

  • Played on: April 10, 2020, 3:23 a.m.
  • Length: 5:23
Show
View Real Time Build Order
Export as new Build Order

Nitix Zerg 

Build Orders: Hatch First 

Get SALT Encoding   

  12  0:00  Drone  
  13  0:12  Overlord  
  13  0:17  Drone  
  14  0:30  Drone x2  
  16  0:49  Hatchery  
  15  0:51  Drone  
  15  0:55  Drone  
  17  0:58  Drone  
  18  1:09  Extractor  
  17  1:14  Spawning Pool  
  17  1:17  Drone  
  17  1:20  Drone  
  18  1:28  Drone  
  19  1:38  Drone  
  20  1:49  Overlord  
  20  2:00  Queen x2  
  24  2:01  Zergling x4  
  26  2:12  Drone x2, Metabolic Boost  
  28  2:21  Drone  
  30  2:22  Drone  
  30  2:35  Hatchery  
  29  2:42  Queen  
  31  2:47  Overlord  
  31  2:49  Drone  
  32  2:52  Drone  
  32  2:54  Drone  
  32  2:57  Drone  
  35  2:59  Drone  
  36  3:06  Drone  
  36  3:07  Drone  
  36  3:08  Drone  
  36  3:09  Drone  
  40  3:13  Drone  
  40  3:16  Drone x2  
  43  3:23  Extractor  
  43  3:25  Roach Warren  
  41  3:30  Overlord  
  41  3:33  Zergling x2  
  42  3:38  Zergling x2  
  43  3:42  Overlord x3  
  43  4:06  Roach x8  
  43  4:07  Roach  
  61  4:10  Roach  
  63  4:17  Zergling x6  
  63  4:18  Zergling x2  
  63  4:21  Zergling x2  
  63  4:22  Zergling x2  
  63  4:23  Zergling x2  
  70  4:25  Zergling x2  
  70  4:31  Ravager  
  72  4:33  Ravager  
  72  4:38  Zergling x10  
  78  4:39  Zergling x2  
  79  4:46  Ravager  
  79  4:49  Zergling x2  
  79  4:50  Zergling x2  
  79  4:51  Overlord  
  79  4:52  Overlord  
Show
View Real Time Build Order
Export as new Build Order

A.I. 1 (Very Easy) Terran - Winner!

Build Orders:  

Get SALT Encoding   

  12  0:00  SCV  
  13  0:13  SCV  
  14  0:18  Supply Depot  
  14  0:37  Refinery  
  14  0:41  Barracks  
  14  1:03  Supply Depot  
  14  1:12  Refinery  
  14  1:27  Marine  
  14  1:30  Orbital Command  
  15  1:56  SCV  
  15  2:00  Marine  
  17  2:08  SCV  
  18  2:20  SCV  
  19  2:33  Marine, SCV  
  21  2:45  SCV  
  22  2:57  SCV  
  23  5:04  Marine  
  24  5:07  Supply Depot  
Tags
 
League
Master
Matchup
TvZ
Spawn Locations
Cross Positions
Add a new tag
Caveats
  • Supply blocks, unpowered buildings, or Contaminate may cause inaccurate times.
  • Supply counts are checked every 10 seconds.